 Dungeon Crawl Stone Soup version 0.28-a0-1002-gf00fe891ef (webtiles) character file.

Game seed: 3626350126846468343

19673 lunkers the Thaumaturge (level 13, -4/101 HPs)
             Began as a Djinni Cinder Acolyte on Dec 6, 2021.
             Was a High Priest of Ignis.
             Slain by Snorg (18 damage)
             ... on level 3 of the Lair of Beasts on Dec 7, 2021.
             The game lasted 00:34:04 (13108 turns).

lunkers the Thaumaturge (Djinni Cinder Acolyte)    Turns: 13108, Time: 00:34:05

Health: -4/101     AC:  8    Str: 13    XL:     13   Next: 6%
Gold:   738        EV: 10    Int: 20    God:    Ignis [*****.] SH:  6 Dex: 19

rFire   + + +      SeeInvis .   B - +4 scimitar (freeze)
rCold   x . .      Faith    .   s - +0 buckler
rNeg    . . .      Spirit   .   m - +0 troll leather armour
rPois   ∞          Reflect  .   (no helmet)
rElec   .          Harm     .   o - +0 cloak
rCorr   .          Rampage  .   I - +2 pair of gloves {Dex+3}
Will    +....                   (boots unavailable)
Stlth   +.........              n - amulet of regeneration
HPRegen 1.86/turn               e - +6 ring of dexterity
MPRegen 0.00/turn               (no ring)

@: radiating poison, flying
A: sickness immunity, fire resistance 2, cold vulnerability 1, float, innate
caster, hp casting, extra vitality 1
a: Renounce Religion, Fiery Armour, Foxfire Swarm, Rising Flame


You were on level 3 of the Lair of Beasts.
You worshipped Ignis.
Ignis was extremely pleased with you.
You visited 2 branches of the dungeon, and saw 13 of its levels.

You collected 738 gold pieces.

Inventory:

Hand Weapons
 a - a -1 short sword of flaming
 f - a +2 dagger of protection
 h - a +1 mace of draining
 y - the +5 spear of Valiance {protect, rF+}
   (You found it on level 7 of the Dungeon)

   It grants its wielder temporary protection when it strikes (+7 to AC).
   rF:        It protects you from fire.
 B - a +4 scimitar of freezing (weapon)
Missiles
 q - 4 curare-tipped darts
Armour
 m - a +0 troll leather armour (worn)
 o - a +0 cloak (worn)
 s - a +0 buckler (worn)
 x - +1 steam dragon scales
 F - a +2 pair of gloves
 I - a +2 pair of gloves of dexterity (worn)
Jewellery
 e - a +6 ring of dexterity (left hand)
 n - an amulet of regeneration (around neck)
 H - the amulet of Vodka {Spirit rF- Str+4}
   (You found it on level 1 of the Lair of Beasts)

   [amulet of guardian spirit]

   It causes incoming damage to be divided between your reserves of health and
   magic.
   Str:       It affects your strength (+4).
   rF:        It makes you vulnerable to fire.
Wands
 b - a wand of digging (7)
 p - a wand of iceblast (5)
 v - a wand of flame (2)
 A - a wand of acid (3)
 D - a wand of polymorph (6)
Scrolls
 i - 2 scrolls of magic mapping
 r - 4 scrolls of enchant armour
 z - a scroll of fog
 G - 2 scrolls of teleportation
 K - 2 scrolls of blinking
Potions
 c - a potion of resistance
 d - 2 potions of ambrosia
 g - 2 potions of haste
 j - 5 potions of curing
 k - 2 potions of heal wounds
 l - a potion of mutation
 u - 5 potions of attraction
 w - a potion of invisibility
 C - 2 potions of brilliance
 E - a potion of berserk rage {unknown}
 J - a potion of might {unknown}
Miscellaneous
 t - a lightning rod (4/4)


   Skills:
 + Level 12.1 Fighting
 - Level 2.6 Short Blades
 - Level 4.0 Shields
 * Level 14.8 Spellcasting


You had 21 spell levels left.
You knew the following spells:

 Your Spells              Type           Power      Damage    Failure   Level
a - Poisonous Vapours     Pois/Air       100%       N/A       1%          2
b - Blink                 Tloc           100%       N/A       1%          2
c - Magic Dart            Conj           100%       1d8       0%          1
d - Olgreb's Toxic Radia  Pois           65%        N/A       1%          4
e - Summon Lightning Spi  Summ/Air       65%        N/A       1%          4
f - Iskenderun's Battles  Conj           65%        2d11      1%          5
p - Scorch                Fire           100%       2d10      1%          2
Your spell library was empty.

Dungeon Overview and Level Annotations

Branches:
Dungeon (10/15)            Temple (0/1) D:5            Lair (3/6) D:10
 Shoals (0/4) Lair:2       Spider (0/4) Lair:2          Orc (0/2) D:9

Altars:
Cheibriados
Dithmenos
Elyvilon
Gozag
Hepliaklqana
Kikubaaqudgha
Nemelex Xobeh
Qazlal
Ru
Uskayaw
Vehumet
Xom
Zin
The Shining One

Annotations:
D:8 3 runed translucent doors, pdpol's ghost, novice PaWr
D:9 3 runed translucent doors, ders's ghost, journeyman GrEE
Lair:3 Snorg


Innate Abilities, Weirdness & Mutations

You are immune to sickness and miasma.
You are immune to poison.
Your flesh is very heat resistant. (rF++)
You are vulnerable to cold. (rC-)
You float through the air rather than walking.
You learn spells naturally, not from books.
Your magical power is your life essence.
You have superior vitality. (+4 HP)


Message History

Casting: Summon Lightning Spire (safe; 1% risk of failure)
Confirm with . or Enter, or press ? or * to list all spells.
Really summon while emitting a toxic aura?
An electric hum fills the air.
* * * LOW HITPOINT WARNING * * *
Snorg looks as sick as possible!
Snorg rages.
Unknown command.
Your toxic aura wanes.
Snorg bites you but does no damage. Snorg claws you.
* * * LOW HITPOINT WARNING * * *
Snorg barely misses you.
Unknown command.
Snorg bites your lightning spire!! Snorg claws your lightning spire!
Snorg claws your lightning spire but does no damage.
Your lightning spire shoots out a bolt of lightning at Snorg!
The bolt of electricity hits Snorg!!
The bolt of electricity hits Snorg!
The bolt of electricity hits your lightning spire.
Your lightning spire completely resists.
Unknown command.
Snorg bites your lightning spire!!
Your lightning spire is destroyed!
Your lightning spire disappears in a puff of smoke!
Casting: Summon Lightning Spire (safe; 1% risk of failure)
Confirm with . or Enter, or press ? or * to list all spells.
An electric hum fills the air.
* * * LOW HITPOINT WARNING * * *
Unknown command.
Casting: Summon Lightning Spire (safe; 1% risk of failure)
Confirm with . or Enter, or press ? or * to list all spells.
You begin to radiate toxic energy.
Snorg looks as sick as possible!
* * * LOW HITPOINT WARNING * * *
Snorg closely misses you. Snorg claws you!!
* * * LOW HITPOINT WARNING * * *
Snorg claws you!
* * * LOW HITPOINT WARNING * * *
Snorg bites you!
* * * LOW HITPOINT WARNING * * *
Snorg barely misses you. Snorg claws you!!
You die...

.$.....$...#... ?...
##...#.#
#.P.###.....#
.......#...##
?.....#.....#
...........##
........§..###
......#.T.8#P#######.
#..#####@............
#. ##.............. .
.............<...
..................
...................P
....................
.#.##.....##..####.
.# #P...##..#####
#.... #..†<..#


You could see Snorg (berserk, extremely poisoned, ally target) and a friendly
lightning spire (summoned).

Vanquished Creatures
  A hydra (D:8)
  Sonja (Lair:2)
  An oklob plant (D:10)
  An ugly thing (D:8)
  10 centaur zombies
  A black mamba (Lair:3)
  A merfolk siren (Lair:2)
  A cane toad (Lair:2)
  An unseen horror (D:8)
  2 rime drakes
  Maggie (Lair:2)
  A komodo dragon (Lair:2)
  A troll (D:8)
  3 merfolk
  A polar bear (Lair:2)
  3 jumping spiders (Lair:2)
  A hornet (D:9)
  3 blink frogs (Lair:2)
  6 redbacks (Lair:2)
  6 yaks (D:10)
  A wraith (D:9)
  2 basilisks
  A steam dragon (D:8)
  2 swamp worms (Lair:1)
  6 water moccasins
  A sky beast (D:5)
  11 orc warriors
  2 ogres (D:5)
  5 necrophages
  A centaur (D:9)
  5 wolves (Lair:2)
  A phantom (D:5)
  2 kobold brigands
  3 bullfrogs
  A wyvern zombie (D:8)
  3 scorpions
  18 killer bees
  A wight (D:10)
  12 howler monkeys
  3 bullfrog zombies
  A hound (D:7)
  12 orc priests
  2 gnoll shamans
  A jelly (D:6)
  A bullfrog skeleton (D:6)
  An iguana (D:4)
  Terence (D:3)
  11 orc wizards
  A hound skeleton (D:4)
  A mummy (D:10)
  A howler monkey zombie (D:10)
  15 gnolls
  9 adders
  A shadow imp (D:6)
  An adder zombie (D:5)
  2 worms
  2 dart slugs
  46 orcs
  7 ball pythons
  4 endoplasms
  4 giant cockroaches
  3 goblins
  11 hobgoblins
  2 jackals (D:1)
  17 kobolds
  3 quokkas
  7 bats
  2 frilled lizards (D:1)
  2 rats
  6 briar patches (Lair:1)
304 creatures vanquished.

Vanquished Creatures (collateral kills)
  A catoblepas (Lair:2)
  3 yaks (D:10)
  2 swamp worms (Lair:1)
  3 wights (D:10)
  2 centaur zombies (D:10)
  2 orc wizards (D:10)
  A kobold (D:10)
  2 briar patches (Lair:1)
16 creatures vanquished.

Vanquished Creatures (others)
  A human (D:6)
  2 fungi (Lair:2)
  24 plants
  A withered plant (D:10)
28 creatures vanquished.

Grand Total: 348 creatures vanquished

Notes
Turn   | Place    | Note
-------+----------+-------------------------------------------
     0 | D:1      | lunkers the Djinni Cinder Acolyte began the quest for the
                  | Orb.
     0 | D:1      | Reached XP level 1. HP: 20/20 MP: 0/0
   233 | D:1      | Reached XP level 2. HP: 23/25 MP: 0/0
   522 | D:1      | Reached XP level 3. HP: 27/30 MP: 0/0
   522 | D:1      | Learned a level 1 spell: Magic Dart
   580 | D:1      | Reached skill level 3 in Spellcasting
  1336 | D:2      | Found a shimmering altar of Xom.
  1511 | D:2      | Reached XP level 4. HP: 32/35 MP: 0/0
  2014 | D:3      | Found a faded altar of an unknown god.
  2446 | D:3      | Reached XP level 5. HP: 19/41 MP: 0/0
  2446 | D:3      | Learned a level 2 spell: Blink
  3153 | D:3      | Noticed Terence
  3155 | D:3      | Killed Terence
  3205 | D:3      | Reached skill level 4 in Spellcasting
  3324 | D:3      | Reached XP level 6. HP: 34/47 MP: 0/0
  3886 | D:4      | Identified the +0 pair of boots "Motinek" {rElec Int+3}
  4068 | D:4      | HP: 2/48 [scorpion (6)]
  4750 | D:4      | Reached XP level 7. HP: 42/53 MP: 0/0
  4750 | D:4      | Learned a level 2 spell: Poisonous Vapours
  5106 | D:4      | Reached skill level 5 in Fighting
  5214 | D:5      | Entered Level 5 of the Dungeon
  5249 | D:5      | Reached skill level 5 in Spellcasting
  5556 | D:5      | Reached XP level 8. HP: 55/60 MP: 0/0
  5623 | D:5      | Reached skill level 6 in Spellcasting
  5694 | D:5      | Found a staircase to the Ecumenical Temple.
  6149 | D:6      | Reached skill level 7 in Spellcasting
  6149 | D:6      | Reached XP level 9. HP: 38/67 MP: 0/0
  6149 | D:6      | Learned a level 4 spell: Olgreb's Toxic Radiance
  6313 | D:6      | Found a stormy altar of Qazlal.
  6491 | D:6      | Found a sparkling altar of Nemelex Xobeh.
  6736 | D:7      | Reached skill level 1 in Shields
  7094 | D:7      | Reached skill level 8 in Spellcasting
  7338 | D:7      | Identified the +5 spear of Valiance {protect, rF+}
  7412 | D:7      | Identified a scroll of acquirement
  7418 | D:7      | Acquired a manual of Spellcasting
  7441 | D:8      | Found a runed translucent gate.
  7441 | D:8      | Found a runed translucent gate.
  7441 | D:8      | Found a runed translucent gate.
  7568 | D:8      | Reached XP level 10. HP: 64/76 MP: 0/0
  7667 | D:8      | Reached skill level 9 in Spellcasting
  7990 | D:8      | Noticed a green ugly thing
  7999 | D:8      | Killed a green ugly thing
  8093 | D:8      | Noticed an eight-headed hydra
  8165 | D:8      | Noticed pdpol's ghost (novice PaWr)
  8197 | D:8      | Found a sacrificial altar of Ru.
  8226 | D:8      | Found a white marble altar of Elyvilon.
  8227 | D:8      | Found a glowing golden altar of the Shining One.
  8227 | D:8      | Found a hide-covered altar of Uskayaw.
  8228 | D:8      | Found a snail-covered altar of Cheibriados.
  8770 | D:8      | Killed an eight-headed hydra
  8771 | D:8      | Reached skill level 10 in Spellcasting
  8795 | D:8      | Noticed a boulder beetle
  8807 | D:8      | Killed an unseen horror
  9082 | D:9      | Reached skill level 11 in Spellcasting
  9160 | D:9      | Reached XP level 11. HP: 83/84 MP: 0/0
  9160 | D:9      | Learned a level 4 spell: Summon Lightning Spire
  9336 | D:9      | Found an opulent altar of Gozag.
  9488 | D:9      | Reached skill level 12 in Spellcasting
  9612 | D:9      | Found a runed translucent gate.
  9613 | D:9      | Found a runed translucent gate.
  9614 | D:9      | Found a runed translucent gate.
  9661 | D:9      | Found a glowing silver altar of Zin.
  9681 | D:9      | Noticed ders's ghost (journeyman GrEE)
  9880 | D:9      | Found a staircase to the Orcish Mines.
 10406 | D:10     | Entered Level 10 of the Dungeon
 10477 | D:10     | Found a hazy altar of Hepliaklqana.
 10547 | D:10     | Found a staircase to the Lair.
 10548 | D:10     | Noticed an oklob plant
 10562 | D:10     | Killed an oklob plant
 10563 | D:10     | Reached skill level 10 in Fighting
 10594 | D:10     | Found a shadowy altar of Dithmenos.
 10665 | D:10     | Reached skill level 13 in Spellcasting
 10982 | D:10     | Reached XP level 12. HP: 81/93 MP: 0/0
 11230 | Lair:1   | Entered Level 1 of the Lair of Beasts
 11421 | Lair:1   | You are sucked into a shaft and drop 1 floor!
 11498 | Lair:2   | Noticed Maggie
 11505 | Lair:2   | Killed Maggie
 11586 | Lair:2   | Reached skill level 14 in Spellcasting
 11620 | Lair:2   | Found a hole to the Spider Nest.
 11725 | Lair:2   | Noticed Sonja
 11732 | Lair:2   | Killed Sonja
 11779 | Lair:2   | Noticed a catoblepas
 11799 | Lair:2   | Killed a catoblepas
 11912 | Lair:2   | Found a staircase to the Shoals.
 12320 | Lair:1   | Found a transporter.
 12359 | Lair:1   | Found a transporter.
 12460 | Lair:1   | Reached XP level 13. HP: 43/101 MP: 0/0
 12460 | Lair:1   | Learned a level 5 spell: Iskenderun's Battlesphere
 12724 | Lair:1   | Identified the amulet of Vodka {Spirit rF- Str+4}
 13093 | Lair:3   | Noticed Snorg
 13108 | Lair:3   | Slain by Snorg

Illustrated notes

Levels and vault maps discovered:
D:1:      dpeg_arrival_orchard, layout_loops_ring
D:2:      layout_loops_ring, basic_altar
D:3:      layout_basic, hellmonk_ecumenical_altar_zigzags, uniq_terence
D:4:      layout_basic, lemuel_crystal_altar, gup_sewer_entry_glass
D:5:      layout_basic, minmay_temple_entry_tees
D:6:      layout_basic, mainiacjoe_overflow_tiny_flanked, tgw_kikubaaqudgha,
          nicolae_qazlal_eye_of_the_storm
D:7:      layout_basic, serial_rivers, chequers_serial_rivers_marsh,
          chequers_serial_rivers_large_a, chequers_serial_rivers_room_b,
          chequers_serial_rivers_micro_b, chequers_serial_rivers_small_b,
          chequers_serial_rivers_micro_a
D:8:      layout_layer_cave, overflow_temple_1_default,
          chequers_temple_overflow_statue_of_worship, gammafunk_ghost_spectres,
          minmay_evil_grid
D:9:      layout_stronghold, pdpol_temple_overflow_zin_treasury_gozag_greed,
          david_orc_4, ebering_ghost_rock_garden
D:10:     layout_irregular_city, kennysheep_mini_moat,
          mainiacjoe_overflow_catwalk, dpeg_oklobed_lair, serial_undead,
          serial_undead_e, serial_undead_c, serial_undead_a, serial_undead_a,
          serial_undead_b, serial_undead_b, serial_undead_d, serial_undead_b,
          serial_undead_c, serial_undead_a, hangedman_fish_farm
Lair:1:   gammafunk_worm_tunnel, layout_loops_ring, infiniplex_staircase_pool_2
Lair:2:   layout_misc_corridors, elwin_shoals_entry_rooms,
          nicolae_spider_entry_tight_spaces, serial_forest,
          infiniplex_forest_clump_C, infiniplex_forest_end_2,
          infiniplex_forest_straight_2, infiniplex_forest_lined_3,
          infiniplex_forest_split, infiniplex_forest_clump_curved,
          infiniplex_forest_lined_corner, hibernation_bobbens, uniq_sonja,
          uniq_maggie
Lair:3:   layout_regular_city, st_stairs_11, lemuel_fruit_fields, uniq_snorg

Skill      XL: |  1  2  3  4  5  6  7  8  9 10 11 12 |
---------------+-------------------------------------+-----
Spellcasting   | 3 4 5 7 8 11 13 14 | 14.8
Fighting       | 4 5 6 7 9 10 12 | 12.1
Shields        | 3 4 |  4.0
Short Blades   | |  2.6

Action                   |  1- 3 |  4- 6 |  7- 9 | 10-12 | 13-15 || total
-------------------------+-------+-------+-------+-------+-------++-------
Melee: Short sword       |    12 |       |       |       |       ||    12
       Dagger            |    54 |       |    27 |    25 |       ||   106
       Scimitar          |       |       |       |    18 |    25 ||    43
 Cast: Magic Dart        |    21 |    82 |     7 |       |       ||   110
       Scorch            |    11 |    57 |    63 |   163 |     7 ||   301
       Poisonous Vapours |       |       |    93 |    88 |    12 ||   193
       Olgreb's Toxic Ra |       |       |    11 |    65 |     5 ||    81
       Blink             |       |       |       |     1 |       ||     1
       Summon Lightning  |       |       |       |    10 |     5 ||    15
Evoke: Wand              |       |     2 |       |     6 |       ||     8
       Lightning rod     |       |       |       |     1 |       ||     1
  Use: Scroll            |       |     2 |    10 |    10 |       ||    22
       Potion            |       |     1 |       |       |     1 ||     2
Armor: Robe              |    23 |     7 |    18 |       |       ||    48
       Ring mail         |       |       |    24 |     9 |       ||    33
       Troll leather arm |       |       |       |    78 |     4 ||    82
Dodge: Dodged            |    31 |    19 |    57 |    96 |    11 ||   214
Block: Buckler           |       |       |    11 |    53 |     7 ||    71

Table legend: (Time is in decaauts)
 A = Elapsed time spent in this place.
 B = Non-inter-level travel time spent in this place.
 C = Inter-level travel time spent in this place.
 D = Time resting spent in this place.
 E = Time spent auto-exploring this place.
 F = Levels seen in this place.
 G = Mean time per level.
                   A        B        C        D        E       F      G
               +--------+--------+--------+--------+--------+-----+--------+
         Total |  13111 |  12804 |    307 |    208 |  10045 |  13 | 1008.5 |
       Dungeon |  11219 |  10979 |    240 |     49 |   8843 |  10 | 1121.9 |
          Lair |   1892 |   1826 |     66 |    159 |   1202 |   3 |  630.7 |
               +--------+--------+--------+--------+--------+-----+--------+

Top non-repeatable levels by time:
     D:4: 1732 daAuts
     D:3: 1491 daAuts
     D:9: 1472 daAuts
     D:8: 1435 daAuts
     D:2: 1000 daAuts
     D:1: 980 daAuts
  Lair:1: 932 daAuts
  Lair:2: 907 daAuts
     D:5: 843 daAuts
    D:10: 824 daAuts
     D:7: 812 daAuts
     D:6: 626 daAuts
  Lair:3: 51 daAuts
